 Dungeon Crawl Stone Soup version 0.22-a0-614-g34fbaa0 (webtiles) character file.

130 Dancorps13 the Skirmisher (level 4, -1/41 HPs)
             Began as a Minotaur Fighter on July 13, 2018.
             Killed from afar by an orc wizard (7 damage)
             ... with a magic dart
             ... on level 3 of the Dungeon.
             The game lasted 00:06:01 (1439 turns).

Dancorps13 the Skirmisher (Minotaur Fighter)        Turns: 1439, Time: 00:06:02

Health: -1/41      AC: 10    Str: 22    XL:     4   Next: 90%
Magic:  3/3        EV: 10    Int:  5    God:
Gold:   101        SH:  9    Dex:  9    Spells: 3/3 levels left

rFire    . . .     SeeInvis .   a - +0 war axe
rCold    . . .     Gourm    .   c - +0 shield
rNeg     . . .     Faith    +   q - +0 chain mail (curse)
rPois    .         Spirit   .   (helmet restricted)
rElec    .         Reflect  .   (no cloak)
rCorr    .         Harm     .   (no gloves)
MR       .....                  i - +0 pair of boots
Stlth    ..........             s - amulet of faith
HPRegen  0.13/turn              t - +5 ring of evasion
MPRegen  0.08/turn              (no ring)

@: slowed, very slow
A: retaliatory headbutt, horns 2
a: no special abilities


You were on level 3 of the Dungeon.
You were not hungry.

You visited 1 branch of the dungeon, and saw 3 of its levels.

You collected 101 gold pieces.

Inventory:

Hand Weapons
 a - a +0 war axe (weapon)
Armour
 b - a +0 scale mail
 c - a +0 shield (worn)
 i - a +0 pair of boots (worn)
 q - a cursed +0 chain mail (worn)
Jewellery
 s - an amulet of faith (around neck)
 t - a +5 ring of evasion (left hand)
Scrolls
 h - 4 scrolls of remove curse {unknown}
 k - 2 scrolls of magic mapping {unknown}
 l - a scroll of immolation {unknown}
 m - a scroll of noise {unknown}
 o - 2 scrolls of teleportation {unknown}
 r - a scroll of identify {unknown}
Potions
 d - a potion of might
 e - a potion of degeneration {unknown}
 g - a potion of heal wounds {unknown}
 j - a potion of cancellation {unknown}
 n - a potion of brilliance {unknown}
 p - 2 potions of curing {unknown}
Comestibles
 f - 3 rations
 u - 3 chunks of flesh


   Skills:
 + Level 4.6 Fighting
 + Level 3.7 Axes
 + Level 4.6 Armour
 + Level 4.6 Shields


You had 3 spell levels left.
You didn't know any spells.
Your spell library was empty.

Dungeon Overview and Level Annotations

Branches:
Dungeon (3/15)

Altars:
Fedhas


Innate Abilities, Weirdness & Mutations

You reflexively headbutt those who attack you in melee.
You have a pair of horns on your head.


Message History

Items here: ))) [[[ There isn't anything to butcher here.
Eat one of 4 chunks of flesh? (ye/n/q)
You eat one of the 4 chunks of flesh.
This raw flesh tastes terrible.
An orc wizard is nearby!
The orc wizard hits you but does no damage.
You barely miss the orc wizard. Your headbutt misses the orc wizard.
The orc wizard is almost dead.
The orc wizard hits you but does no damage. x2
You miss the orc wizard.
The orc wizard is almost dead.
The orc wizard gestures at you while chanting.
You feel yourself slow down. The orc wizard barely misses you.
Your shield and chain mail prevent you from hitting the orc wizard.
Your headbutt misses the orc wizard.
The orc wizard is almost dead.
The orc wizard hits you but does no damage.
The orc wizard casts a spell at you. The magic dart hits you!
You die...

######......#............#
................##.#####.#
..####......#...##....#
###<..##...#####.#
###.###..# #.# #.# #..#
#.# ... #..# #.#
######o#####.#
.......@[....#
....##..###### . #..# #..#
#..# #... #... ##..


You could see an orc wizard.

Vanquished Creatures
  An orc wizard (D:3)
  An orc priest (D:3)
  3 adders (D:2)
  3 worms (D:2)
  A dart slug (D:1)
  2 orcs (D:3)
  3 bats
  2 giant cockroaches (D:2)
  3 goblins
  5 hobgoblins
  2 jackals (D:2)
  5 kobolds
  2 frilled lizards (D:2)
  3 rats (D:1)
36 creatures vanquished.

Notes
Turn   | Place    | Note
-------+----------+-------------------------------------------
     0 | D:1      | Dancorps13 the Minotaur Fighter began the quest for the Orb.
     0 | D:1      | Reached XP level 1. HP: 19/19 MP: 0/0
   358 | D:1      | Reached XP level 2. HP: 27/27 MP: 1/1
   780 | D:2      | Reached XP level 3. HP: 32/33 MP: 2/2
   959 | D:2      | Reached XP level 4. HP: 41/41 MP: 3/3
  1331 | D:2      | Found a blossoming altar of Fedhas.
  1439 | D:3      | Killed from afar by an orc wizard

Vault maps used:
D:1:      giann_horns, minmay_pentomino_u4
D:2:      minivault_11, fedhas_altar_4
D:3:      grunt_temple_overflow_open

Skill      XL: |  1  2 |
---------------+-------+-----
Fighting       | 4 |  4.6
Armour         | 4 |  4.6
Shields        | 4 |  4.6
Axes           | 3 |  3.7

Action                   |  1- 3 |  4- 6 || total
-------------------------+-------+-------++-------
Melee: War axe           |    77 |    32 ||   109
       Headbutt          |     5 |     7 ||    12
  Eat: Chunk             |       |     2 ||     2
Armor: Scale mail        |    37 |       ||    37
       Chain mail        |       |    13 ||    13
Dodge: Dodged            |    22 |    12 ||    34
Block: Shield            |    38 |    11 ||    49

Table legend:
 A = Spawn XP
 B = Non-spawn XP
 C = Spawn XP percentage of total XP
 D = Spawn monster count
 E = Non-spawn monster count
 F = Spawn count percentage of total count
 G = Total turns spent on level
                    A         B        C        D         E        F      G
               +---------+---------+-------+---------+---------+-------+---------
         Total |       0 |     187 |   0.0 |       0 |      36 |   0.0 |  1439
               +---------+---------+-------+---------+---------+-------+---------
           D:1 |       0 |      15 |   0.0 |       0 |       8 |   0.0 |   701
           D:2 |       0 |      83 |   0.0 |       0 |      24 |   0.0 |   669
           D:3 |       0 |      89 |   0.0 |       0 |       4 |   0.0 |    69
               +---------+---------+-------+---------+---------+-------+---------
